[Event "FRA-ch Teams Top 16-A 2022"]
[Site "Chartres"]
[Date "2022.06.11"]
[Round "3.26"]
[White "Feller, Sebastien"]
[Black "Grandelius, Nils"]
[Result "1/2-1/2"]
[ECO "D13"]
[WhiteElo "2569"]
[BlackElo "2635"]
[Annotator "TA"]
[PlyCount "154"]
[EventDate "2022.06.09"]
[EventType "team-tourn"]
[EventCountry "FRA"]
[SourceTitle "playchess.com"]
[Source "ChessBase"]
[SourceQuality "1"]
[TimeControl "40/5400+30:1800+30"]

1. Nf3 d5 2. d4 Nf6 3. c4 c6 4. cxd5 cxd5 5. Nc3 Nc6 6. Bf4 a6 7. Rc1 $1 {[%emt 0:01:22][%mdl 4] is recently more successful than 7.e3.} Bf5 8. Ne5 {[%emt 0:01:31] D13: Slav Defence: Exchange variation without ...Bf5.} Rc8 9. f3 {[%emt 0:01:23] [#]} Bd7 $146 ({Predecessor:} 9... g6 10. g4 Be6 11. e3 Bg7 12. h4 h5 13. g5 Nd7 14. Nxc6 Rxc6 15. Bd3 O-O {½-½ (29) Carlsen,M (2775)-Anand,V (2798) Bilbao 2008}) 10. e4 {[%emt 0:20:41] White has an edge.} e6 11. exd5 (11. Nxd7 {with more complications.} Qxd7 12. e5 Ng8 13. Be3) 11... Nxd5 12. Nxd5 exd5 13. Nxc6 {[%emt 0:26:46] Active counter play!} Rxc6 14. Rxc6 Bxc6 15. Bd3 Bb4+ 16. Kf2 O-O 17. Qc2 h6 18. a3 Ba5 19. g3 Bb6 20. Be3 Qf6 21. Rd1 Re8 22. Bf1 h5 23. Qd2 g6 24. Kg2 h4 25. Kf2 (25. gxh4 $15 Qxh4 26. Bg5) 25... Bd7 26. b3 Re4 27. Be2 Bh3 28. Kg1 ({Better is} 28. a4 $15) 28... Re8 $17 29. Kf2 Bd7 30. Bf1 $1 Qe7 31. a4 Ba5 32. Qe2 $2 (32. Bg5 $11) 32... Qb4 (32... Qa3 $142 33. g4 f5) 33. Qa2 (33. Qc2 $142) 33... Qc3 $19 34. Bf4 Re1 35. Qb1 hxg3+ 36. hxg3 Bf5 37. Qc1 Rxd1 38. Qxd1 Bb6 39. g4 Bxd4+ 40. Kg3 Be6 (40... Bc2 $19 41. Qe2 Qc6) 41. Qd2 $17 Be5 {[%emt 0:11:44] Threatens to win with ...Qxd2.} 42. Qxc3 Bxc3 {[%emt 0:00:16][%mdl 4096] Endgame KBB-KBB} 43. Kf2 Kf8 44. Bd6+ ({White should try} 44. Bd3) 44... Ke8 $1 {[%emt 0:00:04] White must now prevent ...Kd7.} 45. Bd3 Kd7 46. Bf8 d4 47. b4 Bd2 (47... Bb3 $142 48. a5 Ke6) 48. Ke2 Bf4 {[%emt 0:00:21] And now ...Bd6 would win.} 49. Bc5 (49. b5 $15) 49... Bd6 $1 $19 {[%emt 0:01:26] ...Bxc5 is the strong threat.} 50. Be4 $2 {[%emt 0:00:16] [#]} (50. Bxd4 $17 {was called for.} Bxb4 51. Be4) 50... Bc4+ $2 (50... Bxc5 $1 $19 {and Black stays clearly on top.} 51. bxc5 Kc7) 51. Kd2 $17 {[%emt 0:00:15] [#]} b6 ({Black should play} 51... Bf4+ $1 $17 52. Kc2 Be3) 52. Bxb6 $11 Bxb4+ 53. Kc2 Bc3 54. Bd3 Bd5 55. Bxa6 Bxf3 56. Bb5+ Kc8 57. g5 Kb7 58. Bd8 Be4+ 59. Bd3 Bd5 60. a5 Kc8 61. Bb6 Kb7 62. Bd8 Kc8 63. Bb6 Kb7 64. Bd8 Bb4 65. a6+ Ka7 66. Bb5 Be4+ 67. Bd3 $1 Bxd3+ (67... Bf5 {seems wilder.} 68. Bf6 Bc5 69. Kd2 Bxd3 70. Kxd3 Kxa6 71. Bxd4 Bb4) 68. Kxd3 Kxa6 69. Kxd4 $15 {[%emt 0:00:08] KB-KB} Kb7 70. Ke4 Kc8 71. Bf6 Kd7 72. Kf4 Ke6 73. Kg4 Be7 74. Bc3 f5+ (74... Ba3 $17) 75. gxf6 $1 $11 {[%emt 0:00:18] The position is equal.} Bxf6 76. Bd2 g5 77. Bxg5 Bxg5 {[%emt 0:05:01] Black had all chances to win.  Weighted Error Value: White=0.26 (precise) /Black=0.27 (precise)} 1/2-1/2

[Event "FRA-ch Teams Top 16-A 2022"]
[Site "Chartres"]
[Date "2022.06.11"]
[Round "3.27"]
[White "Korobov, Anton"]
[Black "Postny, Evgeny"]
[Result "1-0"]
[ECO "D58"]
[WhiteElo "2671"]
[BlackElo "2563"]
[Annotator "TA"]
[PlyCount "89"]
[EventDate "2022.06.09"]
[EventType "team-tourn"]
[EventCountry "FRA"]
[SourceTitle "playchess.com"]
[Source "ChessBase"]
[SourceQuality "1"]
[TimeControl "40/5400+30:1800+30"]

1. d4 d5 2. Nf3 Nf6 3. c4 e6 4. Nc3 Be7 5. Bg5 h6 6. Bh4 O-O 7. e3 b6 8. Be2 dxc4 9. Bxc4 Bb7 10. O-O Ne4 11. Nxe4 {[%emt 0:04:32] Black must now prevent Bxe7. D58: Queen's Gambit Declined: Tartakower Defence.} Bxe4 12. Bg3 Bd6 13. Rc1 {[%emt 0:02:24] White is slightly better.} Nd7 14. Bb5 Bxg3 15. hxg3 {[%emt 0:00:47] [#]} c5 $146 ({Predecessor:} 15... Nf6 16. Bc6 Bxc6 17. Rxc6 Nd5 18. Rc4 Qd6 19. Qc2 Nb4 20. Qb3 Nc6 21. Qc2 Nb4 {1-0 (21) Pech,J-Milde,L DESC email 2010}) 16. Qa4 Nf6 17. dxc5 bxc5 18. Rxc5 Qb6 19. Qa3 Bd5 20. Be2 Rfc8 21. Rfc1 Rxc5 22. Rxc5 Ne4 23. Rc2 a5 24. b3 Qb4 25. Qc1 a4 $1 26. bxa4 Qxa4 {[%emt 0:11:25] [#]} (26... Rxa4 $14 27. Rb2 Qc5) 27. Ne5 $1 $16 Nd6 {[%emt 0:01:10] [#]} 28. Bf3 $1 {[%emt 0:01:48] Inhibits Qe4.} Bxf3 29. gxf3 ({Much less strong is} 29. Nxf3 Qa5 $14) 29... f6 30. Nc6 Nf5 (30... Kh8 $16 31. Qd1 e5) 31. e4 Nd6 32. e5 fxe5 33. Nxe5 Qd4 (33... Qb5 $142) 34. Qe1 $18 Nf5 35. Kg2 Rf8 36. Qe4 $2 (36. Rc7 $18) 36... Qd6 $2 {[%emt 0:00:45] Loses the game.} (36... Qxe4 $16 {was necessary.} 37. fxe4 Nd6) 37. a4 Ne7 $2 (37... Qd5 38. Qxd5 exd5) 38. a5 Qa6 39. Rc5 {[%emt 0:05:58] aiming for Rc7.} Nd5 $2 (39... Re8 40. Nc4 Rd8) 40. Nc6 Rf6 41. Qc4 (41. Nd4 $142) 41... Qb7 $2 (41... Qxc4 42. Rxc4 Rf8) 42. a6 Qb2 43. Rxd5 {[%emt 0:00:00] White mates.} exd5 44. Qxd5+ Kh7 45. Ne7 {[%emt 0:00:00] Weighted Error Value: White=0.36/Black=0.65} 1-0

[Event "FRA-ch Teams Top 16-A 2022"]
[Site "Chartres"]
[Date "2022.06.11"]
[Round "3.28"]
[White "Migot, Tangi"]
[Black "David, Alberto"]
[Result "0-1"]
[ECO "E14"]
[WhiteElo "2353"]
[BlackElo "2520"]
[Annotator "TA"]
[PlyCount "132"]
[EventDate "2022.06.09"]
[EventType "team-tourn"]
[EventCountry "FRA"]
[SourceTitle "playchess.com"]
[Source "ChessBase"]
[SourceQuality "1"]
[TimeControl "40/5400+30:1800+30"]

1. d4 Nf6 2. Nf3 b6 3. e3 e6 4. Bd3 Bb7 5. O-O Be7 6. c4 O-O 7. b3 c5 {[%emt 0:01:29] E14: Queen's Indian: Classical Variation (4 e3).} 8. dxc5 bxc5 9. Bb2 d6 {[%emt 0:00:28] The position is equal.} 10. Nbd2 Nbd7 11. Qc2 h6 {[%emt 0:01:25] [#]} 12. Ne4 $146 ({Predecessor:} 12. Rfe1 Qc7 13. Rad1 Rfb8 14. e4 e5 15. Nf1 Nf8 16. Ne3 g6 17. Nd5 Qd8 18. Nxf6+ Bxf6 {0-1 (41) Oberbarnscheidt,L (2032)-Happe,U (2105) Germany 2018}) 12... Nxe4 13. Bxe4 Bxe4 14. Qxe4 a5 15. Rfd1 a4 16. Nd2 Ra6 17. Qb7 ({Much weaker is} 17. Qg4 Bf6 18. Bxf6 Nxf6 $15) (17. Qc2 $11) 17... Qc8 18. Qxc8 (18. Qe4 {with more complications.} Qa8 19. Qd3 Ne5 20. Qc2) 18... Rxc8 19. Kf1 Rb8 20. Ke2 f5 21. Bc3 Bf6 22. Bxf6 Nxf6 23. f3 Kf7 24. Rdb1 Ke7 25. Kd3 Nd7 {[%emt 0:15:39] Black is more active.} 26. Kc3 axb3 27. axb3 Rba8 28. Rxa6 Rxa6 $15 {[%emt 0:00:05][%mdl 4096] Endgame KRN-KRN} 29. f4 g5 30. g3 Nf6 31. Kb2 Ng4 32. Nf3 Kf6 33. Re1 Nf2 34. Re2 {[%emt 0:00:33] [#]} Nd3+ 35. Kc3 Nb4 36. Ne1 e5 37. Nd3 Na2+ 38. Kb2 {[%emt 0:00:14] Black must now prevent fxe5+.} e4 39. Nf2 (39. Nc1 $17 Nb4 40. Kc3) 39... Nb4 ({Black should play} 39... gxf4 $19 40. gxf4 Nb4) 40. Rd2 (40. fxg5+ $17 {might work better.} hxg5 41. Kc3) 40... gxf4 $19 41. gxf4 {[%emt 0:01:40] [#]} Ke6 $1 42. Kb1 (42. Nd1 $142) 42... Ra3 43. Kb2 Ra2+ 44. Kc3 Ra1 45. Rd1 Ra7 46. Rd2 Rg7 47. Nh3 (47. Nh1 {was called for.}) 47... Rg8 48. Rd1 Nd3 49. Rg1 $2 (49. Rd2 {was the only chance.}) 49... Ra8 {[%emt 0:00:43] Hoping for ...Ra2.} 50. Rg2 {[%emt 0:05:17] Prevents Ra2.} Ra1 51. Re2 Rf1 {[%emt 0:04:52] Against Nf2} 52. Kd2 (52. Rg2 {is a better defense.} Rc1+ 53. Kd2) 52... Nc1 {[%emt 0:01:18] Black is clearly winning.} 53. Rg2 Nxb3+ 54. Kc3 Na5 55. Rg6+ Kd7 56. Rxh6 (56. Rg7+ $142 Kc6 57. Rg1) 56... Rf3 57. Ng5 Rxe3+ 58. Kc2 Nxc4 59. h4 Re2+ 60. Kc3 Ne3 {[%emt 0:01:51] Threatens to win with ...Nd1+.} 61. h5 Nd5+ 62. Kb3 Nxf4 63. Rh7+ Kc6 64. h6 Rh2 65. Rf7 Rxh6 66. Rxf5 Ne6 {[%emt 0:00:30] Weighted Error Value: White=0.33/Black=0.09 (flawless)} 0-1

[Event "FRA-ch Teams Top 16-A 2022"]
[Site "Chartres"]
[Date "2022.06.11"]
[Round "3.29"]
[White "Fedorchuk, Sergey A."]
[Black "Pucher, Olivier"]
[Result "1-0"]
[ECO "B08"]
[WhiteElo "2606"]
[BlackElo "2341"]
[Annotator "TA"]
[PlyCount "53"]
[EventDate "2022.06.09"]
[EventType "team-tourn"]
[EventCountry "FRA"]
[SourceTitle "playchess.com"]
[Source "ChessBase"]
[SourceQuality "1"]
[TimeControl "40/5400+30:1800+30"]

1. e4 d6 2. d4 Nf6 3. Nc3 g6 4. Be3 c6 5. h3 Bg7 6. Qd2 O-O 7. Nf3 Nbd7 8. Bd3 e5 9. O-O Re8 {[%emt 0:00:14] B08: Pirc Defence: Classical System.} 10. Rfe1 b5 11. a3 a6 {[%emt 0:04:47] [#] The position is equal.} 12. Bh6 $146 ({Predecessor:} 12. dxe5 dxe5 13. Rad1 Qc7 14. Bg5 Nc5 15. Bf1 Ne6 16. Bh4 Bb7 17. Qe3 Nh5 18. g4 {0-1 (38) Mentel,J (1997)-Donchenko,A (2300) Bad Sooden-Allendorf 2009}) 12... Qb6 13. dxe5 Nxe5 14. Be2 Bb7 15. Rad1 (15. Qxd6 Rad8 16. Be3 Nxf3+ 17. Bxf3 Qxe3 18. Rxe3 Rxd6 $17) 15... Rad8 16. Bg5 d5 (16... h5 $11) 17. Qf4 $16 Nxf3+ 18. Bxf3 ({Of course not} 18. gxf3 $6 Re6 $15) 18... d4 (18... dxe4 $2 19. Rxd8 Qxd8 20. Nxe4 $18 (20. Rxe4 Rxe4 21. Nxe4 Nd5 $16)) 19. Bxf6 Bxf6 20. Qxf6 dxc3 21. bxc3 ({Don't play} 21. Qxc3 Rxd1 22. Rxd1 c5 $16) 21... Bc8 (21... Qc7 $16 {was worth a try.}) 22. e5 $18 Be6 23. Rd6 Rxd6 24. exd6 $40 {[%emt 0:00:05][%mdl 128] [#] Strongly threatening Bg4. White has strong attack.} c5 $2 (24... Qd8 25. Qd4 Bd7) 25. d7 {[%emt 0:01:15][%cal Rd7e8] White is clearly winning.} Rf8 26. Bg4 Qd8 27. Rxe6 {[%emt 0:17:57] Weighted Error Value: White=0.04 (flawless) /Black=0.26 (precise)} 1-0

[Event "FRA-ch Teams Top 16-A 2022"]
[Site "Chartres"]
[Date "2022.06.11"]
[Round "3.31"]
[White "Guilleux, Fabien"]
[Black "Fardet, Elouan"]
[Result "1-0"]
[ECO "E63"]
[WhiteElo "2382"]
[BlackElo "2180"]
[Annotator "TA"]
[PlyCount "107"]
[EventDate "2022.06.09"]
[EventType "team-tourn"]
[EventCountry "FRA"]
[SourceTitle "playchess.com"]
[Source "ChessBase"]
[SourceQuality "1"]
[TimeControl "40/5400+30:1800+30"]

1. Nf3 Nf6 2. g3 g6 3. Bg2 Bg7 4. O-O O-O 5. c4 d6 6. d4 Nc6 7. Nc3 a6 8. d5 Na5 9. b3 c5 10. dxc6 Nxc6 11. Bb2 Qa5 {[%emt 0:02:15][%cal Of6e4] E63: King's Indian: Fianchetto: Panno Variation with 7...a6.} 12. Rc1 (12. Nd5 {looks sharper.} Nxd5 13. Bxg7 Nc3 14. Bxc3 Qxc3 15. e3) 12... Qh5 {[%emt 0:07:19] [#]} 13. h4 $146 (13. Qd2 {with more complications.} Bh3 14. Bxh3 Qxh3 15. Ng5) ({Predecessor:} 13. Qd2 Bh3 14. Bxh3 Qxh3 15. Nd5 Ng4 16. Bxg7 Kxg7 17. Nf4 Qh6 18. h3 Nge5 19. Qc3 {½-½ (68) Krykun,Y (2372)-Gbyl,A (2243) Krakow 2017}) 13... Bh6 {[%emt 0:17:01] White is slightly better.} 14. e3 Bg7 15. Qd2 Bf5 16. Nd5 ({White should try} 16. Nh2 $16) 16... Ne4 $11 17. Qe2 e5 $1 18. Qe1 Nc5 $1 19. Qc3 Nd3 (19... Ne4 $5 20. Qe1 Nc5 $11) 20. Rc2 Nxb2 21. Rxb2 e4 22. Nd4 Rae8 23. Rd2 (23. Nf4 $5 Qh6 24. a4 $11) 23... g5 24. hxg5 Qxg5 25. Qc1 Ne5 (25... Nxd4 $11 {remains equal.} 26. exd4 Bh6) 26. Nxf5 $16 Qxf5 27. Qc2 Nf3+ 28. Bxf3 Qxf3 29. Qd1 Qf5 (29... Be5 $16) 30. Kg2 $18 Re6 {[%emt 0:00:41] This move loses the game for Black.} (30... Kh8 $16 31. Rh1 Be5) 31. Rh1 Be5 32. Rh5 Qg6 33. Nf4 $1 Bxf4 34. exf4 Qf6 (34... e3) 35. f5 e3 (35... Ree8 $142 36. Rxd6 Qg7) 36. Re2 $2 (36. fxe6 exd2 37. e7 (37. Qxd2 fxe6 38. Qe3 Kg7 $16) 37... Re8 38. Qxd2 (38. Qg4+ Kh8 $16) 38... Qxe7 $16) (36. Qg4+ Kh8 37. Rd1 (37. fxe6 exd2 38. Qe4 h6 $16)) 36... Re5 37. Rxe3 Rxe3 38. fxe3 {[%emt 0:00:03][%mdl 4096] Endgame KQR-KQR} Re8 39. Qg4+ Kh8 (39... Kf8 $142) 40. Qd4 Re5 41. g4 Kg8 (41... b5 $142 42. cxb5 axb5) 42. Qf4 d5 (42... b5 $142 43. cxb5 axb5) 43. cxd5 Rxd5 44. Qh6 Rd2+ (44... Qxh6 $142 45. Rxh6 Rd2+ 46. Kf3 Rxa2) 45. Kf3 Qxh6 46. Rxh6 Rxa2 {[%emt 0:00:09] KR-KR} 47. Rb6 Rb2 $2 (47... a5 {was called for.} 48. g5 (48. Rxb7 f6 $16) 48... Kg7 49. Rxb7 Rb2) 48. f6 (48. Rxb7 a5 49. Rb5 Kg7 $18) 48... h6 49. Rxb7 a5 {[%emt 0:00:08] [#]} 50. Rb5 $1 Kh7 {[%emt 0:00:58] [#]} 51. e4 $1 {[%emt 0:01:49][%cal Be3e4,Be4e5][%mdl 32] e5 is the strong threat.} Kg6 52. e5 {[%emt 0:00:09] Hoping for Rb8.} Rb1 $2 (52... h5 53. gxh5+ (53. Rxa5 Rxb3+ 54. Kg2 hxg4 $11) 53... Kf5) 53. Rb8 Kh7 54. Ke2 {[%emt 0:03:42] Weighted Error Value: White=0.24 (precise) /Black=0.37} 1-0

[Event "FRA-ch Teams Top 16-A 2022"]
[Site "Chartres"]
[Date "2022.06.11"]
[Round "3.32"]
[White "Rouzes, Sibylle-Anne"]
[Black "Alexieva, Silvia"]
[Result "0-1"]
[ECO "A47"]
[WhiteElo "1580"]
[BlackElo "2219"]
[Annotator "TA"]
[PlyCount "68"]
[EventDate "2022.06.09"]
[EventType "team-tourn"]
[EventCountry "FRA"]
[SourceTitle "playchess.com"]
[Source "ChessBase"]
[SourceQuality "1"]
[TimeControl "40/5400+30:1800+30"]

1. d4 Nf6 2. Nf3 e6 3. Bf4 b6 4. h3 Bb7 5. Nbd2 Be7 6. e3 c5 7. c3 d6 {[%emt 0:04:32] A47: 1 d4 Nf6 2 Nf3 b6: Torre, London and Colle Systems.} 8. Bb5+ Bc6 9. Bxc6+ Nxc6 {[%emt 0:00:06] The position is equal.} 10. O-O {[%emt 0:02:09] [#]} O-O $146 ({Predecessor:} 10... Qd7 11. Qc2 O-O 12. Rfd1 cxd4 13. exd4 Rac8 14. Qa4 Qb7 15. Re1 b5 16. Qd1 Rfd8 {0-1 (42) Massanet Miret,P (1730)-Vallbona Domingo,J (1866) Barcelona 2017}) 11. Qe2 Qd7 12. Rfd1 Qb7 13. a3 b5 14. b3 (14. e4 $11 {was preferrable.}) 14... cxd4 (14... Nd5 $5 15. Rdc1 Nxf4 16. exf4 d5 $11) 15. cxd4 Nd5 {[%emt 0:00:50] White must now prevent ...Nc3.} 16. Qd3 {[%emt 0:05:52] Inhibits Nc3.} Nxf4 (16... b4 {feels hotter.} 17. Bg3 bxa3 18. Nc4 Ndb4) 17. exf4 d5 18. f5 Bf6 19. Nf1 g6 20. fxe6 fxe6 21. Ne3 Qb6 (21... Bg7 $5 ) 22. Ng4 Bg7 23. Nge5 Nxe5 24. Nxe5 (24. dxe5 $11 Rf4 25. Ra2) 24... Bxe5 $19 25. dxe5 Rxf2 {[%emt 0:00:35] [#] Threatens to win with ...Rd2+.} ({And not} 25... Qxf2+ 26. Kh1 $17) 26. Kh1 Raf8 27. Rf1 a6 28. Rxf2 Qxf2 $17 {[%emt 0:00:21][%mdl 4096] Endgame KQR-KQR} 29. Qc3 Kg7 {[%emt 0:02:44] Black is more active.} (29... Qb6 $17 30. Rc1 a5) 30. Rc1 $2 (30. Qc6 $1 $15) 30... Rf5 31. Qc7+ {[%emt 0:00:32] [#]} (31. Qc8 $142) 31... Kh6 $1 $19 32. Qc3 (32. Qd6 {might work better.} Qe3 33. Rb1) 32... Rg5 33. Rg1 Rg3 34. Qc1+ Qe3 {[%emt 0:00:34] Weighted Error Value: White=0.38/Black=0.16 (very precise)} 0-1

[Event "FRA-ch Teams Top 16-A 2022"]
[Site "Chartres"]
[Date "2022.06.12"]
[Round "4.1"]
[White "Abasov, Nijat"]
[Black "Postny, Evgeny"]
[Result "1/2-1/2"]
[ECO "E11"]
[WhiteElo "2635"]
[BlackElo "2563"]
[Annotator "TA"]
[PlyCount "77"]
[EventDate "2022.06.09"]
[EventType "team-tourn"]
[EventCountry "FRA"]
[SourceTitle "playchess.com"]
[Source "ChessBase"]
[SourceQuality "1"]
[TimeControl "40/5400+30:1800+30"]

1. d4 d5 2. Nf3 Nf6 3. c4 e6 4. g3 Bb4+ 5. Bd2 Be7 6. Bg2 O-O 7. O-O c6 8. Qc2 Nbd7 {[%emt 0:00:12] [#] is cutting edge theory.} 9. h4 $146 {[%emt 0:00:21] E11: Bogo-Indian.} ({Predecessor:} 9. Bf4 b6 10. Nbd2 Nh5 11. e3 Nxf4 12. exf4 Bb7 13. cxd5 cxd5 14. Rfc1 Rc8 15. Qa4 a6 16. Bf1 b5 17. Qd1 Rxc1 18. Rxc1 {½-½ (98) Matlakov,M (2671)-Niemann,H (2678) Chess.com INT 2022}) 9... b6 10. Nc3 Bb7 11. e4 Nxe4 ({Black should try} 11... dxc4 $15 12. e5 Nd5) 12. Nxe4 $11 dxe4 13. Ng5 {[%emt 0:03:34] [#]} (13. Qxe4 $11 Nf6 14. Qe3) 13... c5 $1 $17 14. d5 exd5 15. cxd5 Nf6 16. Nxe4 Bxd5 17. Rad1 Bxe4 18. Bxe4 Nxe4 19. Qxe4 Bf6 {[%emt 0:04:22] Inhibits Bg5.} 20. Bc3 {[%emt 0:00:58] Inhibits Qd4.} Qe8 21. Rfe1 Qxe4 22. Rxe4 Rad8 23. Rde1 Bxc3 24. bxc3 $15 {[%emt 0:00:51][%mdl 4096] Endgame KRR-KRR} f5 25. Re7 Rf7 26. Re8+ Rxe8 27. Rxe8+ $11 {[%emt 0:00:04] KR-KR} Rf8 28. Re7 Rf7 29. Re8+ Rf8 30. Re7 f4 31. Kg2 f3+ 32. Kf1 Rd8 {[%emt 0:00:38] aiming for ...Rd1+.} 33. Ke1 {[%emt 0:00:04] Against Rd1+} Rd3 34. Rxa7 {[%emt 0:00:04] The position is equal.} Rxc3 35. Kd2 {[%emt 0:00:12] Prevents Rc2+.} Rc4 36. Ke3 {[%emt 0:01:57] Against Re4+} Rc3+ 37. Kd2 Rc4 38. Ke3 {[%emt 0:00:05] Against Re4+} Rc3+ 39. Ke4 {[%emt 0:32:01] Weighted Error Value: White=0.13 (very precise) /Black=0.10 (very precise)} 1/2-1/2

[Event "FRA-ch Teams Top 16-A 2022"]
[Site "Chartres"]
[Date "2022.06.12"]
[Round "4.2"]
[White "Ganguly, Surya Shekhar"]
[Black "Santos Ruiz, Miguel"]
[Result "1-0"]
[ECO "D35"]
[WhiteElo "2616"]
[BlackElo "2586"]
[Annotator "TA"]
[PlyCount "105"]
[EventDate "2022.06.09"]
[EventType "team-tourn"]
[EventCountry "FRA"]
[SourceTitle "playchess.com"]
[Source "ChessBase"]
[SourceQuality "1"]
[TimeControl "40/5400+30:1800+30"]

1. d4 Nf6 2. c4 e6 3. Nc3 d5 4. cxd5 exd5 5. Bg5 c6 6. e3 h6 7. Bh4 Be7 8. Bd3 O-O 9. Nge2 $1 {[%emt 0:06:47][%cal Bg1e2,Be2c1,Bc1d3,Bd3c5][%mdl 4] outshines the older 9.Qc2. D35: Queen's Gambit Declined: Exchange Variation.} Re8 10. O-O Nbd7 11. a4 $5 {[%emt 0:00:35][%mdl 4] The position is equal. Exploring less charted territory.} Nh5 12. Bxe7 Qxe7 13. a5 {[%emt 0:00:08] [#]} Ndf6 $146 ({Predecessor:} 13... a6 14. Ra3 Nf8 15. Na4 Rb8 16. Qd2 Qg5 17. f3 g6 18. Bb1 Ng7 19. Nf4 Bf5 {½-½ (29) Caruana,F (2786)-Firouzja,A (2804) Bucharest 2022}) 14. Nc1 g6 15. Be2 Ng7 16. Nd3 a6 17. Qb3 Nf5 18. Nc5 Nd6 19. Bd3 Bf5 20. Bxf5 gxf5 21. Qd1 Nfe4 22. N3xe4 Nxe4 23. Nd3 Qg5 24. Qc2 Re7 25. Rae1 Rae8 26. b3 Kh8 27. Nf4 Kg8 28. f3 Nf6 29. Qf2 Nd7 30. Re2 Nf8 31. h4 Qf6 32. g4 fxg4 33. fxg4 {[%emt 0:04:32] aiming for Qg3.} (33. Nh5 $5 Qg6 34. Nf4 $11 (34. fxg4 Nh7 $11)) 33... Ng6 (33... Re4 $1 $11) 34. Nh5 $36 {[%emt 0:02:24][%mdl 2048] White has good play.} Qxf2+ 35. Rexf2 Rd8 36. g5 $1 hxg5 $1 37. hxg5 Nf8 {[%emt 0:01:09] This costs Black the game.} ({Black should play} 37... Rxe3 $14 38. Rxf7 Rh3 39. Rg7+ Kh8) 38. Nf6+ Kg7 39. Ng4 {[%emt 0:00:16] White is more active.} Nh7 40. Nh6 {[%emt 0:02:23] Strongly threatening Nf5+.} Re4 41. Nxf7 ({Stronger than} 41. Rxf7+ Kg6 $11) 41... Rg4+ $2 (41... Rf8) 42. Kh2 $18 Re8 {[%emt 0:06:10] [#]} 43. Ne5 $1 Rxg5 44. Rf7+ Kh8 45. Rxb7 {[%emt 0:00:00] Nf7+ is the strong threat.} Rh5+ 46. Kg3 Rg8+ 47. Kf3 {[%emt 0:00:00] Threatens to win with Nf7+.} Ng5+ 48. Ke2 Ne4 49. Kd3 ({Weaker is} 49. Nxc6 Ng3+ 50. Ke1 Nxf1 51. Kxf1 Rh2 $11) 49... Rg7 $2 (49... c5 50. Rf4 cxd4 51. Kxd4 Nd6 52. Nf7+ Nxf7) 50. Rf8+ {[%emt 0:00:00] White is clearly winning.} Kh7 {[%emt 0:00:05] [#]} 51. Rbb8 Kh6 52. Rbc8 Rh2 53. Rh8+ {[%emt 0:00:00] Weighted Error Value: White=0.07 (flawless) /Black=0.28 (precise)} 1-0

[Event "FRA-ch Teams Top 16-A 2022"]
[Site "Chartres"]
[Date "2022.06.12"]
[Round "4.3"]
[White "Wirig, Anthony"]
[Black "Bailet, Pierre"]
[Result "1/2-1/2"]
[ECO "E68"]
[WhiteElo "2520"]
[BlackElo "2509"]
[Annotator "TA"]
[PlyCount "31"]
[EventDate "2022.06.09"]
[EventType "team-tourn"]
[EventCountry "FRA"]
[SourceTitle "playchess.com"]
[Source "ChessBase"]
[SourceQuality "1"]
[TimeControl "40/5400+30:1800+30"]

1. d4 Nf6 2. Nf3 g6 3. c4 Bg7 4. g3 O-O 5. Bg2 d6 6. O-O Nbd7 7. Nc3 e5 8. e4 a6 9. h3 b5 10. dxe5 dxe5 11. Qe2 c6 {[%emt 0:05:36] E68: King's Indian: Fianchetto: 6...Nbd7 7 0-0 e5 8 e4.} 12. a3 Qe7 13. Be3 Nc5 {[%emt 0:10:26] [#]} 14. Rac1 $146 ({Predecessor:} 14. Nd2 Rd8 15. Rfd1 Be6 16. b4 Nd3 17. Bb6 Rd6 18. c5 Rd7 19. Nf3 Bc4 20. Qe3 {½-½ (41) Sammour Hasbun,J (2375)-Gabriel,C (2535) Newark 1995}) 14... Nfd7 (14... Nb3 $5 ) 15. b4 Ne6 16. Rfd1 {[%emt 0:05:38] Against Nd4. Black got outplayed after the opening.  Weighted Error Value: White=0.10 (very precise) /Black=0.07 (flawless)} 1/2-1/2

[Event "FRA-ch Teams Top 16-A 2022"]
[Site "Chartres"]
[Date "2022.06.12"]
[Round "4.4"]
[White "Visakh N R"]
[Black "Parligras, Mircea-Emilian"]
[Result "1/2-1/2"]
[ECO "D38"]
[WhiteElo "2506"]
[BlackElo "2583"]
[Annotator "TA"]
[PlyCount "56"]
[EventDate "2022.06.09"]
[EventType "team-tourn"]
[EventCountry "FRA"]
[SourceTitle "playchess.com"]
[Source "ChessBase"]
[SourceQuality "1"]
[TimeControl "40/5400+30:1800+30"]

1. d4 Nf6 2. c4 e6 3. Nf3 d5 4. Nc3 Bb4 5. cxd5 exd5 6. Bg5 h6 7. Bh4 Nbd7 {[%emt 0:00:28] 7...Bf5 is the recent fashion. D38: Queen's Gambit Declined: Ragozin Defence (4 Nf3 Bb4).} 8. Qc2 g5 9. Bg3 Ne4 10. Nd2 Nxg3 11. hxg3 Nb6 12. a3 Bf8 13. e3 c6 14. Bd3 Be6 15. O-O-O Qe7 16. Nb3 O-O-O {[%emt 0:02:21] [#]} 17. Kb1 $146 ({Predecessor:} 17. Nc5 Kb8 18. Kb1 Bg7 19. Rc1 h5 20. N3a4 Nc4 21. Nxe6 fxe6 22. Bxc4 dxc4 23. Qe4 {1-0 (38) L'Ami,E (2646)-Panjwani,R (2440) Reykjavik 2014}) 17... Kb8 18. Rc1 h5 19. Nc5 h4 {[%emt 0:03:56] The position is equal.} 20. Ne2 Bc8 21. gxh4 Rxh4 22. Rxh4 gxh4 23. Bf5 Qg5 24. Bxc8 Rxc8 25. Nf4 Bd6 26. Ncd3 Nd7 27. Qe2 Rg8 28. Rh1 Nf8 {[%emt 0:18:19] A balanced but interesting game.  Weighted Error Value: White=0.03 (flawless) /Black=0.03 (flawless)} 1/2-1/2